 Dungeon Crawl Stone Soup version 0.28-a0-628-g3c9886e45e (webtiles) character file.

Game seed: 16991179241433542593

358 SkeletonJelly the Poker (level 6, -8/43 HPs)
             Began as an Octopode Chaos Knight on Oct 8, 2021.
             Was a Plaything of Xom.
             Mangled by an orc warrior (19 damage)
             ... on level 3 of the Dungeon.
             The game lasted 00:07:09 (4192 turns).

SkeletonJelly the Poker (Octopode Chaos Knight)     Turns: 4192, Time: 00:07:10

Health: -8/43      AC:  1    Str: 11      XL:     6   Next: 64%
Magic:  6/6        EV: 13    Int: 15 (16) God:    Xom [..*...]
Gold:   225        SH:  5    Dex: 12      Spells: 5/5 levels left

rFire   + . .      SeeInvis .   m - +3 quarterstaff (chaos)
rCold   . . .      Faith    .   (shield currently unavailable)
rNeg    . . .      Spirit   .   (helmet restricted)
rPois   .          Reflect  +   i - amulet of reflection
rElec   .          Harm     .   e - ring of protection from fire
rCorr   .          Rampage  .   (no ring)
Will    .....                   (no ring)
Stlth   ++........              (no ring)
HPRegen 0.14/turn               (no ring)
MPRegen 0.10/turn               (no ring)
                                (no ring)
                                (no ring)

@: no status effects
A: almost no armour, amphibious, 8 rings, camouflage 1, gelatinous body 1,
(nimble swimmer 1), tentacles, deterioration 2, subdued magic 1
a: Renounce Religion


You were on level 3 of the Dungeon.
You worshipped Xom.
You were a toy of Xom.
You visited 1 branch of the dungeon, and saw 4 of its levels.

You collected 225 gold pieces.

Inventory:

Hand Weapons
 a - a +0 spear of chaos
 m - a +3 quarterstaff of chaos (weapon)
Missiles
 h - 22 poisoned darts (quivered)
 o - a throwing net
Magical Staves
 p - a staff of air
Jewellery
 e - a ring of protection from fire (left tentacle)
 i - an amulet of reflection (around mantle)
Wands
 j - a wand of iceblast (7)
Scrolls
 c - a scroll of identify {unknown}
 d - 2 scrolls of acquirement {unknown}
 f - a scroll of amnesia {unknown}
 g - a scroll of noise {unknown}
Potions
 b - a potion of curing {unknown}
 k - a potion of ambrosia {unknown}
 l - a potion of degeneration {unknown}
 n - a potion of cancellation {unknown}
 q - a potion of magic {unknown}


   Skills:
 - Level 3.7 Fighting
 - Level 4.5(5.4) Polearms
 + Level 4.5(5.4) Staves
 - Level 3.0 Dodging


You had 5 spell levels left.
You didn't know any spells.
Your spell library was empty.

Dungeon Overview and Level Annotations

Branches:
Dungeon (4/15)
 Temple: D:4-7

Altars:

Shops:
D:1 !   D:4 (


Innate Abilities, Weirdness & Mutations

You cannot wear most types of armour.
You are amphibious.
You can wear up to eight rings at the same time.
Your skin changes colour to match your surroundings (Stealth+).
Your rubbery body absorbs attacks. (AC +1, EV +1)
((You are camouflaged near water. (Stealth+)))
You have tentacles for arms and can constrict up to eight enemies at once.
Your body often deteriorates upon taking damage.
Your spells are a little easier to cast, but a little less powerful.


Message History

No target in view!
No target in view!
No target in view!
No target in view!
q - an inky potion An endoplasm is nearby!
An endoplasm is nearby!
An endoplasm is nearby!
An endoplasm is nearby!
You are now a plaything of Xom.
The helpless endoplasm fails to defend itself.
You sock the endoplasm!
You kill the endoplasm!
No target in view!
No target in view!
No target in view!
No target in view!
No target in view! "Time to have some fun!"
There are monsters nearby!
There are monsters nearby!
Unknown command.
You block the iron imp's attack.
The iron imp shouts, "Scamper home, thou fulsome fly-bitten puttock!"
The ufetubus barely misses you. The ufetubus hits you.
You take 3 damage, and have 40/43 hp.
The ufetubus barely misses you. The ufetubus hits you.
You take 3 damage, and have 37/43 hp.
The ufetubus hits you. The ufetubus completely misses you.
You take 1 damage, and have 36/43 hp.
Found a quarterstaff.
You block the ufetubus's attack. The ufetubus hits you.
You take 1 damage, and have 35/43 hp.
You are now a toy of Xom.
The ufetubus barely misses you. The ufetubus hits you.
There is a stone staircase leading up here.
You take 3 damage, and have 32/43 hp.
The ufetubus closely misses you. You block the ufetubus's attack.
You climb upwards.
There is a stone staircase leading down here.
There is a stone staircase leading down here.
You regained 5 hp, and now have 37/43 hp.
You climb downwards.
There is a stone staircase leading up here.
HP restored.
An orc warrior comes into view. It is wielding a +0 war axe.
Health restored: 43 You throw a poisoned dart.
The poisoned dart hits the orc warrior.
The orc warrior is poisoned.
The orc warrior shouts!
An orc priest comes into view. It is wielding a +0 hand axe.
You throw a poisoned dart.
The poisoned dart completely misses the orc warrior.
The poisoned dart hits the orc priest.
The orc priest is poisoned.
The orc priest shouts!
You throw a poisoned dart. The poisoned dart hits the orc warrior.
The orc warrior is lightly wounded.
An orc comes into view. It is wielding a +0 flail.
You throw a poisoned dart.
The poisoned dart closely misses the orc warrior.
The poisoned dart barely misses the orc priest.
You throw a poisoned dart. The poisoned dart hits the orc warrior.
The orc warrior looks even sicker.
The orc warrior is lightly wounded.
An orc comes into view. It is wielding a +0 short sword.
Xom plays with reality for a moment.
You radiate an aura of cold.
The orc warrior seems to slow down.
The orc priest resists.
The orc seems to slow down.
Aiming: Iceblast
Press: ? - help, Shift-Dir - straight line, f/p - orc warrior
Aim: an orc warrior, wielding a +0 war axe and wearing a +0 chain mail (lightly wounded, very poisoned, slow)
The mass of ice explodes!
The iceblast engulfs the orc warrior!
The orc warrior is moderately wounded.
The iceblast engulfs the orc priest!
The orc priest is heavily wounded.
You hear a shout! x2
The orc warrior is no longer moving slowly.
The orc priest mumbles some strange prayers to Beogh against you.
Beogh smites you!
You take 13 damage, and have 30/43 hp.
MASSIVE DAMAGE!!
You hit the orc warrior. You freeze the orc warrior.
Your grab misses the orc warrior. You squeeze the orc warrior.
The orc warrior is severely wounded.
The orc priest looks more healthy.
The orc priest looks braver for a moment.
The orc warrior hits you with a +0 war axe!
You take 15 damage, and have 15/43 hp.
MASSIVE DAMAGE!!
Hit: m) +3 quarterstaff (chaos)
Press: ? - help, Dir - move target, f/p - orc warrior
Aim: an orc warrior, wielding a +0 war axe and wearing a +0 chain mail (almost dead, poisoned, about 38% to evade your +3 quarterstaff of chaos)
Okay, then.
Unknown command.
There is a stone staircase leading up here.
The orc warrior hits you with a +0 war axe.
* * * LOW HITPOINT WARNING * * *
Your body deteriorates!
You feel dopey.
You climb upwards.
There is a stone staircase leading down here.
You take 4 damage, and have 11/43 hp.
The orc warrior hits you with a +0 war axe!!
You die...

#....##........#.##.#.#...#
#..#
.....##.....#..#.##.#.....#
#..#
#....########..#.##.#.....#
.#..# #....#
#..#.##.#.....##P#..#
#....# #..#.##.......##
#.## #....#
#..#.#############.##
#..#### ##
#....................
#..###. P##
#...........######### ##.#
..... ##.#.@#......#
...#########...o>#......#
............#.####[.....#
......###...#.# #......#
......###...#.####......#
......รท.....#...........#
...........#######......#
...........# ########
...........#


You could see an orc warrior (poisoned).

Vanquished Creatures
  Sigmund (D:4)
  Crazy Yiuf (D:2)
  Jessica (D:2)
  An iguana (D:4)
  An adder (D:3)
  3 gnolls (D:4)
  4 worms
  3 ball pythons
  10 endoplasms
  3 giant cockroaches
  7 goblins
  2 hobgoblins
  3 jackals (D:4)
  2 quokkas
  9 bats
  5 frilled lizards
  6 kobolds
  9 rats
71 creatures vanquished.

Notes
Turn   | Place    | Note
-------+----------+-------------------------------------------
     0 | D:1      | SkeletonJelly the Octopode Chaos Knight began the quest for
                  | the Orb.
     0 | D:1      | Reached XP level 1. HP: 16/16 MP: 1/1
    30 | D:1      | XOM: silly message
    58 | D:1      | Reached XP level 2. HP: 21/21 MP: 2/2
   182 | D:1      | Found a faded altar of an unknown god.
   257 | D:1      | Found Guakla Gula's Distillery.
   441 | D:1      | XOM: god gift: 17 gold pieces
   527 | D:1      | Reached XP level 3. HP: 26/26 MP: 3/3
  1097 | D:2      | XOM: god gift: 15 stones
  1151 | D:2      | XOM: god gift: ruby potion {god gift}
  1256 | D:2      | You fall into a shaft and drop 2 floors!
  1273 | D:4      | XOM: cloud trail
  1445 | D:2      | XOM: noise
  1839 | D:2      | XOM: 4-stop teleportation journey
  1876 | D:2      | Noticed Jessica
  1887 | D:2      | Killed Jessica
  1888 | D:2      | Reached XP level 4. HP: 32/32 MP: 4/4
  1908 | D:2      | Found a runed translucent door.
  1909 | D:2      | Noticed Crazy Yiuf
  1914 | D:2      | Killed Crazy Yiuf
  1993 | D:2      | XOM: summons 3 hostile demons
  2081 | D:1      | XOM: give mutations
  2081 | D:1      | Gained mutation: Your spells are a little easier to cast,
                  | but a little less powerful. [Xom's mischief]
  2081 | D:1      | Gained mutation: Your body sometimes deteriorates upon
                  | taking damage. [Xom's mischief]
  2520 | D:3      | Reached XP level 5. HP: 37/37 MP: 5/5
  2542 | D:3      | Reached skill level 1 in Staves
  3032 | D:4      | XOM: summons 3 hostile demons
  3038 | D:4      | XOM: butterfly on damage
  3352 | D:4      | XOM: silly message
  3577 | D:4      | Noticed Sigmund
  3585 | D:4      | Killed Sigmund
  3586 | D:4      | Reached XP level 6. HP: 43/43 MP: 6/6
  3611 | D:4      | XOM: give mutation
  3611 | D:4      | Gained mutation: Your body often deteriorates upon taking
                  | damage. [Xom's mischief]
  3722 | D:4      | XOM: 7-stop teleportation journey
  4034 | D:4      | Found Osihol's Antique Weapon Shoppe.
  4086 | D:4      | XOM: summons 4 hostile demons
  4179 | D:4      | Noticed an orc warrior
  4185 | D:4      | XOM: cast spell 'Metabolic Englaciation'
  4192 | D:3      | Mangled by an orc warrior

Illustrated notes

Levels and vault maps discovered:
D:1:      giann_horns, layout_rooms, serial_shops, shop_statue,
          chequers_ecumenical_altar_simple
D:2:      layout_basic, st_stairs_10, ebering_dispersal_statue_hall,
          minmay_misc_feat_four_crosses, uniq_crazy_yiuf_cottage, uniq_jessica
D:3:      layout_basic, serial_aquarium, aquarium_bridge_square
          [aquarium_subvault_bridge, aquarium_subvault_wall,
          aquarium_subvault_bridge, aquarium_subvault_bridge],
          aquarium_bridge_square [aquarium_subvault_window,
          aquarium_subvault_balcony, aquarium_subvault_bridge,
          aquarium_subvault_bridge], aquarium_window_1, aquarium_window_1,
          aquarium_window_1, aquarium_window_fake, aquarium_view_2c,
          aquarium_view_2g
D:4:      layout_layer_cave, serial_shops, kennysheep_mini, uniq_sigmund

Skill      XL: |  1  2  3  4  5 |
---------------+----------------+-----
Polearms       | 4 |  4.5
Dodging        | 3 |  3.0
Staves         | 4 |  4.5
Fighting       | |  3.7

Action                   |  1- 3 |  4- 6 || total
-------------------------+-------+-------++-------
Melee: Spear             |   101 |       ||   101
       Tentacles         |    13 |    12 ||    25
       Constrict         |    15 |    15 ||    30
       Quarterstaff      |       |    61 ||    61
Throw: Dart              |       |     6 ||     6
Evoke: Wand              |       |     5 ||     5
  Use: Potion            |       |     3 ||     3
 Stab: Sleeping          |    13 |     5 ||    18
Armor: Skin              |     4 |     6 ||    10
Dodge: Dodged            |    34 |    49 ||    83
Block: Other             |       |     3 ||     3

Table legend: (Time is in decaauts)
 A = Elapsed time spent in this place.
 B = Non-inter-level travel time spent in this place.
 C = Inter-level travel time spent in this place.
 D = Time resting spent in this place.
 E = Time spent auto-exploring this place.
 F = Levels seen in this place.
 G = Mean time per level.
                   A        B        C        D        E       F      G
               +--------+--------+--------+--------+--------+-----+--------+
         Total |   4201 |   3992 |    209 |      0 |   3309 |   4 | 1050.2 |
       Dungeon |   4201 |   3992 |    209 |      0 |   3309 |   4 | 1050.2 |
               +--------+--------+--------+--------+--------+-----+--------+

Top non-repeatable levels by time:
     D:2: 1219 daAuts
     D:1: 1045 daAuts
     D:3: 1040 daAuts
     D:4: 895 daAuts
